 Dungeon Crawl Stone Soup version 0.27.1-33-g824d729ab1 (webtiles) character file.

Game seed: 17830396848921924185

69 tizbic2 the Slasher (level 4, -6/34 HPs)
             Began as a Demonspawn Gladiator on Nov 24, 2021.
             Mangled by a gnoll (13 damage)
             ... on level 2 of the Dungeon.
             The game lasted 00:06:18 (1510 turns).

tizbic2 the Slasher (Demonspawn Gladiator)          Turns: 1510, Time: 00:06:19

Health: -6/34      AC:  6    Str: 14    XL:     4   Next: 2%
Magic:  4/4        EV: 11    Int: 10    God:
Gold:   27         SH:  0    Dex: 15    Spells: 3/3 levels left

rFire    . . .     SeeInvis .   a - +0 long sword
rCold    . . .     Faith    .   (no shield)
rNeg     . . .     Spirit   .   i - +0 ring mail
rPois    .         Reflect  .   c - +0 helmet
rElec    .         Harm     .   (no cloak)
rCorr    .         Rampage  .   (no gloves)
Will     .....                  (no boots)
Stlth    +.........             (no amulet)
HPRegen  0.11/turn              (no ring)
MPRegen  0.09/turn              (no ring)

@: no status effects
A: spiny 1
a: no special abilities


You were on level 2 of the Dungeon.
You visited 1 branch of the dungeon, and saw 2 of its levels.

You collected 27 gold pieces.

Inventory:

Hand Weapons
 a - a +0 long sword (weapon)
Missiles
 b - 10 poisoned darts (quivered)
 d - 3 throwing nets
Armour
 c - a +0 helmet (worn)
 i - a +0 ring mail (worn)
Scrolls
 e - 2 scrolls of identify
 g - a scroll of brand weapon
 h - a scroll of torment {unknown}
Potions
 f - a potion of flight {unknown}


   Skills:
 + Level 2.5 Fighting
 * Level 3.4 Long Blades
 - Level 1.7 Throwing
 * Level 3.4 Dodging
 + Level 0.8 Unarmed Combat


You had 3 spell levels left.
You didn't know any spells.
Your spell library was empty.

Dungeon Overview and Level Annotations

Branches:
Dungeon (2/15)

Altars:

Shops:
D:1 ?


Innate Abilities, Weirdness & Mutations

You are partially covered in sharp spines.


Message History

You hit Robin.
Robin is moderately wounded.
Robin barely misses you.
You hit Robin.
Robin is moderately wounded.
Robin is struck by your spines. Robin hits you with a +0 club.
Robin is struck by your spines. Robin closely misses you.
You hit Robin.
Robin is almost dead.
Robin is struck by your spines.
You kill Robin!
You have reached level 4!
You feel clever.
Items here: )))))) [[ ††.
Okay, then.
Things that are here:
a +0 club; a +0 club
Things that are here:
a +0 dagger; a goblin corpse
Things that are here:
a +0 club; a goblin corpse You start resting.
HP restored.
Things that are here:
a +0 dagger; a goblin corpse
Found an escape hatch in the ceiling.
There is an open door here.
You open the door.
Found a scroll labelled ZAMYDA HEUGH.
A gnoll comes into view.
It is wielding a +2 halberd of holy wrath.
Found 22 arrows and a book of Displacement.
The gnoll shouts!
There is an open door here.
You see here 22 arrows.
The gnoll hits you with a +2 halberd of holy wrath!
You convulse!
* * * LOW HITPOINT WARNING * * *
A ball python comes into view.
The gnoll hits you from afar with a +2 halberd of holy wrath!
You die...

.##........#########
...........).)..)).
#.......######.###
#.......'.........
#<......#######.##
#.......# #..#
#.......# ##(#
#######'####### #.#
#......@(.....# #.†
#.............# ##.
#......#g.....# #.
#......#......# #.
#...#..#..#...# ##
#...#.?#.:#S..# #
#.. ####### ..# # #.
..# . .#


You could see a gnoll and a ball python.

Vanquished Creatures
  Robin (D:2)
  A worm (D:2)
  3 dart slugs (D:1)
  2 bats (D:1)
  3 endoplasms (D:1)
  A giant cockroach (D:1)
  7 hobgoblins
  2 kobolds (D:1)
  A quokka (D:1)
  3 ball pythons (D:1)
  A frilled lizard (D:1)
  12 goblins
  9 rats
46 creatures vanquished.

Notes
Turn   | Place    | Note
-------+----------+-------------------------------------------
     0 | D:1      | tizbic2 the Demonspawn Gladiator began the quest for the
                  | Orb.
     0 | D:1      | Reached XP level 1. HP: 16/16 MP: 1/1
    74 | D:1      | Found Xeph's Magic Scroll Boutique.
   419 | D:1      | Gained mutation: You are partially covered in sharp spines.
                  | [demonic ancestry]
   419 | D:1      | Reached XP level 2. HP: 15/22 MP: 2/2
   837 | D:1      | Reached XP level 3. HP: 13/27 MP: 3/3
  1358 | D:2      | Noticed Robin
  1373 | D:2      | Killed Robin
  1374 | D:2      | Reached XP level 4. HP: 21/34 MP: 4/4
  1510 | D:2      | Mangled by a gnoll

Illustrated notes

Levels and vault maps discovered:
D:1:      eino_arrival_cavern_b, layout_basic, serial_shops,
          nicolae_square_shop, minmay_domino_4
D:2:      layout_basic, nrook_mini_backslash, hex_intersection,
          kennysheep_generic_room_16, uniq_terence, uniq_natasha, uniq_robin

Skill      XL: |  1  2 |
---------------+-------+-----
Dodging        | 3 |  3.4
Long Blades    | 3 |  3.4
Fighting       | |  2.5
Throwing       | |  1.7
Unarmed Combat | |  0.8

Action                   |  1- 3 |  4- 6 || total
-------------------------+-------+-------++-------
Melee: Long sword        |    77 |       ||    77
Throw: Dart              |     4 |       ||     4
  Use: Scroll            |     1 |       ||     1
Armor: Leather armour    |     9 |       ||     9
       Ring mail         |     7 |       ||     7
Dodge: Dodged            |    30 |       ||    30
       Rpst.: Long sword |     7 |       ||     7
